Staline vs Little Stars
Created - 6 décembre 2015 at 00:02
Goals
|
| Staline |
2 |
1 |
1 |
4 |
| Little Stars |
1 |
0 |
1 |
2 |
|
Shots
|
| Staline |
15 |
16 |
7 |
38 |
| Little Stars |
5 |
8 |
13 |
26 |
|
1st period
1. Staline , Bryan Bickell 5 (Michael Del Zotto, Danny Kristo) at 11:53
2. Staline , Jordan Caron 7 (Michael Del Zotto) at 14:15 (PP)
3. Little Stars , Jesse Joensuu 6 (Ryan Vesce, Mathieu Roy) at 16:01
Penalties :
Danny DeKeiser (Tex) for Roughing (Minor) at 13:43, Justin Faulk (Tex) for Delaying the game (Minor) at 16:58
2nd period
4. Staline , Jiri Tlusty 13 (David Desharnais) at 1:44 (SH)
Penalties :
Corey Trivino (StJ) for Hooking (Minor) at 1:13, Dennis Everberg (Tex) for Tripping (Minor) at 14:18
3rd period
5. Little Stars , Erik Haula 4 (Ryan Vesce, Marcus Kruger) at 17:33
6. Staline , Brandon Prust 9 (Danny Kristo) at 19:55 (SH) (Empty Net)
Penalties :
Mark Stone (StJ) for Holding (Minor) at 1:15, Alexander Vasyunov (Tex) for Roughing (Minor) at 4:20, Ryan Vesce (Tex) for High sticking (Minor) at 9:05, Dana Tyrell (Tex) for Unsportsmanlike conduct (Major / Game Misconduct) at 12:27, Tyler Cuma (StJ) for Holding (Minor) at 18:34
Goalie Stats
Allen York (StJ), 24 saves from 26 shots - (0,923), W, 8-3-5, 60:00 minutes
Peter Budaj (Tex), 34 saves from 37 shots - (0,919), L, 5-13-1, 58:53 minutes
Players Stats for Staline
Player Name G A P +/- PIM S H SB GA TA FO MP PP MP PK MP
------------------------------------------------------------------------------------
Brandon Prust 1 0 1 0 0 4 3 0 1 1 0/0 16:04 6:43 0:32
Bryan Bickell 1 0 1 1 0 2 0 1 1 0 0/1 9:17 0:58 0:00
Cody Eakin 0 0 0 -1 0 2 2 0 0 0 5/10 17:21 5:30 0:15
Corey Trivino 0 0 0 -1 2 0 0 0 1 0 3/7 10:02 0:00 0:52
Danny Kristo 0 2 2 2 0 3 0 0 1 0 0/0 8:25 0:00 0:42
David Desharnais 0 1 1 1 0 3 4 0 0 0 22/34 23:05 6:38 3:34
Greg Pateryn 0 0 0 0 0 0 0 0 0 0 0/0 12:55 1:12 0:46
James Sheppard 0 0 0 -1 0 3 2 0 1 0 1/2 12:20 1:01 0:00
Jiri Tlusty 1 0 1 1 0 8 1 1 0 0 1/1 23:05 6:38 3:34
Jordan Caron 1 0 1 -1 0 1 1 0 0 1 1/1 16:43 5:30 0:00
Mark Fraser 0 0 0 1 0 1 2 1 0 0 0/0 16:54 0:28 1:51
Mark Stone 0 0 0 -1 2 1 1 0 0 0 0/0 10:23 1:05 0:00
Michael Del Zotto 0 2 2 1 0 3 0 2 1 1 0/0 26:06 7:50 3:32
Nick Spaling 0 0 0 0 0 3 2 0 0 0 1/1 19:42 5:32 1:17
Peter Holland 0 0 0 1 0 0 2 0 0 0 1/1 8:39 0:46 0:00
Philip Larsen 0 0 0 0 0 0 2 1 0 1 0/0 17:01 5:09 0:17
Torey Krug 0 0 0 1 0 3 2 1 0 0 0/0 23:39 7:06 1:51
Tyler Cuma 0 0 0 -1 2 1 1 2 0 1 0/0 22:53 5:09 2:29
Players Stats for Little Stars
Player Name G A P +/- PIM S H SB GA TA FO MP PP MP PK MP
------------------------------------------------------------------------------------
Alexander Guptill 0 0 0 0 0 0 0 0 0 0 0/0 3:11 0:00 2:11
Alexander Vasyunov 0 0 0 0 2 0 1 0 1 1 1/1 15:26 0:00 2:55
Andrej Nestrasil 0 0 0 0 0 0 0 0 0 0 0/0 0:00 0:00 0:00
Cody Bass 0 0 0 1 0 2 3 0 0 0 6/12 14:55 2:32 0:00
Connor Brickley 0 0 0 0 0 0 0 0 0 0 0/0 0:00 0:00 0:00
Conor Allen 0 0 0 1 0 1 0 0 0 0 0/0 11:02 0:00 1:49
Dana Tyrell 0 0 0 0 15 0 1 0 0 0 1/2 5:14 0:00 0:00
Danny DeKeiser 0 0 0 -1 2 0 0 2 0 0 0/0 21:54 1:59 5:37
Dennis Everberg 0 0 0 0 2 0 3 0 1 0 1/2 11:32 0:00 0:00
Erik Haula 1 0 1 0 0 4 2 0 0 0 3/4 13:01 0:00 1:16
Hugh Jessiman 0 0 0 -2 0 2 2 0 0 0 0/4 21:56 2:51 6:20
Jamie McGinn 0 0 0 0 0 0 3 0 0 0 0/0 5:34 0:00 0:00
Jared Spurgeon 0 0 0 -1 0 2 0 2 0 0 0/0 27:57 3:24 7:03
Jesse Joensuu 1 0 1 1 0 2 3 0 2 0 1/1 14:55 2:32 0:00
Justin Faulk 0 0 0 -1 2 1 0 0 1 0 0/0 21:02 1:59 4:41
Landon Ferraro 0 0 0 0 0 0 0 0 0 0 0/0 0:19 0:00 0:00
Marcus Kruger 0 1 1 -2 0 4 1 0 0 1 8/24 18:10 2:51 4:18
Mathieu Roy 0 1 1 -1 0 0 0 2 0 2 0/0 28:03 3:24 7:07
Oscar Lindberg 0 0 0 0 0 0 0 0 0 0 0/0 0:00 0:00 0:00
Petter Granberg 0 0 0 1 0 1 1 1 0 1 0/0 10:01 0:00 0:37
Ryan Vesce 0 2 2 1 2 2 4 0 0 0 0/1 18:49 2:32 3:35
Sean Avery 0 0 0 -2 0 5 3 1 0 1 2/7 23:26 2:51 6:19
3 Stars
1 - Jesse Joensuu (Tex)
2 - Danny Kristo (StJ)
3 - Jiri Tlusty (StJ)
Power Play
Staline - 1 on 6 Attempt(s) - 16,67%
Little Stars - 0 on 3 Attempt(s) - 0,00%
Penalty Kill
Staline - 3 on 3 Attempt(s) - 100,00%
- Score 2 goal in Penalty Kill
Little Stars - 5 on 6 Attempt(s) - 83,33%
- Score 0 goal in Penalty Kill
Team Stat
Staline - Hits : 25 - Faceoff Wins : 35 - Blocked Shots : 9 - Penalty Minutes : 6
Little Stars - Hits : 27 - Faceoff Wins : 23 - Blocked Shots : 8 - Penalty Minutes : 25
Official
Referees : L'Ecuyer Frederick and StPierre Justin
Linesman : Brian Mach and Don Henderson
Game Notes
9:57 of 2nd period - Staline goal is going for a video replay. After video review, No Goal. The net was displaced accidentally.
Dana Tyrell ejected from game at 12:27 of 3rd period
Brandon Prust has scored in a empty net!
Finance
Level 1 -- Attendance: 1371 (68,55%) -- Ticket Income 47 985 $
Level 2 -- Attendance: 730 (73,00%) -- Ticket Income 10 950 $
Total Attendance: 2101 (70,03%)
Total Ticket Income: 58 935 $
Other Income: 2 947 $
Total Income: 61 882 $
Staline
5 vs 5 Forward
Center Left Wing Right Wing Time % Phy DF OF
1 David Desharnais Nick Spaling Jiri Tlusty 40 1 2 2
2 Cody Eakin James Sheppard Jordan Caron 30 1 2 2
3 Corey Trivino Brandon Prust Mark Stone 20 1 2 2
4 Peter Holland Bryan Bickell Danny Kristo 10 1 2 2
5 vs 5 Defense
Defense Defense Time % Phy DF OF
1 Tyler Cuma Michael Del Zotto 40 1 2 2
2 Torey Krug Mark Fraser 30 1 2 2
3 Philip Larsen Greg Pateryn 20 1 2 2
4 Torey Krug Michael Del Zotto 10 1 2 2
PowerPlay Forward
Center Left Wing Right Wing Time % Phy DF OF
1 David Desharnais Brandon Prust Jiri Tlusty 60 1 2 2
2 Cody Eakin Nick Spaling Jordan Caron 40 1 2 2
PowerPlay Defense
Defense Defense Time % Phy DF OF
1 Torey Krug Michael Del Zotto 60 1 2 2
2 Philip Larsen Tyler Cuma 40 1 2 2
Penalty Kill 4 Players Forward
Center Wing Time % Phy DF OF
1 David Desharnais Jiri Tlusty 60 1 2 2
2 Corey Trivino Nick Spaling 40 1 2 2
Penalty Kill 4 Players Defense
Defense Defense Time % Phy DF OF
1 Tyler Cuma Michael Del Zotto 60 1 2 2
2 Torey Krug Mark Fraser 40 1 2 2
Penalty Kill - 3 Players Forward
Forward Time % Phy DF OF
1 David Desharnais 60 1 2 2
2 Nick Spaling 40 1 2 2
Penalty Kill - 3 Players Defense
Defense Defense Time % Phy DF OF
1 Tyler Cuma Michael Del Zotto 60 1 2 2
2 Torey Krug Mark Fraser 40 1 2 2
4 vs 4 Forward
Center Wing Time % Phy DF OF
1 Cody Eakin Jiri Tlusty 60 1 2 2
2 David Desharnais Nick Spaling 40 1 2 2
4 vs 4 Defense
Defense Defense Time % Phy DF OF
1 Tyler Cuma Michael Del Zotto 60 1 2 2
2 Torey Krug Mark Fraser 40 1 2 2
Last Minutes Offensive
Center Left Wing Right Wing Defense Defense
Cody Eakin James Sheppard Jiri Tlusty Tyler Cuma Michael Del Zotto
Last Minutes Defensive
Center Left Wing Right Wing Defense Defense
David Desharnais Brandon Prust Jiri Tlusty Torey Krug Tyler Cuma
Goaltenders
Starting : Allen York
Backup : Tobias Stephan
Extra Forwards
Normal : Bryan Bickell, Jordan Caron, Mark Stone - PP : Bryan Bickell, James Sheppard - PK : Danny Kristo
Extra Defensemen
Normal : Philip Larsen, Greg Pateryn, Torey Krug - PP : Greg Pateryn - PK : Greg Pateryn, Philip Larsen
Penalty Shots
Brandon Prust, Jiri Tlusty, David Desharnais, Nick Spaling, Bryan Bickell
Little Stars
5 vs 5 Forward
Center Left Wing Right Wing Time % Phy DF OF
1 Marcus Kruger Sean Avery Hugh Jessiman 40 1 2 2
2 Cody Bass Jesse Joensuu Ryan Vesce 30 1 2 2
3 Erik Haula Alexander Vasyunov Dennis Everberg 20 1 2 2
4 Dana Tyrell Jamie McGinn Sean Avery 10 1 2 2
5 vs 5 Defense
Defense Defense Time % Phy DF OF
1 Mathieu Roy Jared Spurgeon 40 1 2 2
2 Danny DeKeiser Justin Faulk 30 1 2 2
3 Petter Granberg Conor Allen 20 1 2 2
4 Mathieu Roy Jared Spurgeon 10 1 2 2
PowerPlay Forward
Center Left Wing Right Wing Time % Phy DF OF
1 Marcus Kruger Sean Avery Hugh Jessiman 60 1 2 2
2 Cody Bass Jesse Joensuu Ryan Vesce 40 1 2 2
PowerPlay Defense
Defense Defense Time % Phy DF OF
1 Mathieu Roy Jared Spurgeon 60 1 2 2
2 Danny DeKeiser Justin Faulk 40 1 2 2
Penalty Kill 4 Players Forward
Center Wing Time % Phy DF OF
1 Sean Avery Hugh Jessiman 60 1 2 2
2 Ryan Vesce Marcus Kruger 40 1 2 2
Penalty Kill 4 Players Defense
Defense Defense Time % Phy DF OF
1 Mathieu Roy Jared Spurgeon 60 1 2 2
2 Danny DeKeiser Justin Faulk 40 1 2 2
Penalty Kill - 3 Players Forward
Forward Time % Phy DF OF
1 Sean Avery 60 1 2 2
2 Hugh Jessiman 40 1 2 2
Penalty Kill - 3 Players Defense
Defense Defense Time % Phy DF OF
1 Mathieu Roy Jared Spurgeon 60 1 2 2
2 Danny DeKeiser Justin Faulk 40 1 2 2
4 vs 4 Forward
Center Wing Time % Phy DF OF
1 Sean Avery Hugh Jessiman 60 1 2 2
2 Ryan Vesce Marcus Kruger 40 1 2 2
4 vs 4 Defense
Defense Defense Time % Phy DF OF
1 Mathieu Roy Jared Spurgeon 60 1 2 2
2 Danny DeKeiser Justin Faulk 40 1 2 2
Last Minutes Offensive
Center Left Wing Right Wing Defense Defense
Marcus Kruger Sean Avery Hugh Jessiman Mathieu Roy Jared Spurgeon
Last Minutes Defensive
Center Left Wing Right Wing Defense Defense
Marcus Kruger Sean Avery Hugh Jessiman Mathieu Roy Jared Spurgeon
Goaltenders
Starting : Peter Budaj
Backup : Ben Scrivens
Extra Forwards
Normal : Erik Haula, Dana Tyrell, Alexander Vasyunov - PP : Erik Haula, Dana Tyrell - PK : Alexander Vasyunov
Extra Defensemen
Normal : Petter Granberg, Conor Allen, Danny DeKeiser - PP : Petter Granberg - PK : Conor Allen, Danny DeKeiser
Penalty Shots
Sean Avery, Hugh Jessiman, Ryan Vesce, Marcus Kruger, Cody Bass
% Time on Ice - Staline
Lines # - Real PCT - Wanted PCT - Time Play
Normal Forward
1 - 32% - 40% - 13:05
2 - 27% - 30% - 11:13
3 - 22% - 20% - 9:09
4 - 19% - 10% - 7:43
Normal Defense
1 - 36% - 40% - 14:44
2 - 34% - 30% - 14:05
3 - 27% - 20% - 10:57
4 - 3% - 10% - 1:24
PP Forward
1 - 58% - 60% - 7:47
2 - 42% - 40% - 5:40
PP Defense
1 - 62% - 60% - 8:18
2 - 38% - 40% - 5:09
PK Forward
1 - 76% - 60% - 4:06
2 - 24% - 40% - 1:17
PK Defense
1 - 66% - 60% - 3:32
2 - 34% - 40% - 1:51
PK3 Forward
1 - 0% - 60%
2 - 0% - 40%
PK3 Defense
1 - 0% - 60%
2 - 0% - 40%
44 Forward
1 - 0% - 60%
2 - 0% - 40%
44 Defense
1 - 0% - 60%
2 - 0% - 40%
Last Minute Offensive - 0:00
Last Minute Defensive - 0:00
Total
Forward - 60:00
Defense - 60:00
|
% Time on Ice - Little Stars
Lines # - Real PCT - Wanted PCT - Time Play
Normal Forward
1 - 30% - 40% - 12:33
2 - 30% - 30% - 12:24
3 - 26% - 20% - 10:39
4 - 14% - 10% - 5:34
Normal Defense
1 - 39% - 40% - 16:10
2 - 34% - 30% - 13:51
3 - 23% - 20% - 9:24
4 - 4% - 10% - 1:45
PP Forward
1 - 53% - 60% - 2:51
2 - 47% - 40% - 2:32
PP Defense
1 - 63% - 60% - 3:24
2 - 37% - 40% - 1:59
PK Forward
1 - 68% - 60% - 9:09
2 - 32% - 40% - 4:18
PK Defense
1 - 60% - 60% - 8:06
2 - 40% - 40% - 5:21
PK3 Forward
1 - 0% - 60%
2 - 0% - 40%
PK3 Defense
1 - 0% - 60%
2 - 0% - 40%
44 Forward
1 - 0% - 60%
2 - 0% - 40%
44 Defense
1 - 0% - 60%
2 - 0% - 40%
Last Minute Offensive - 0:00
Last Minute Defensive - 0:00
Total
Forward - 60:00
Defense - 60:00
|
Play by Play
1st period
0:01 of 1st period - David Desharnais wins face-off versus Marcus Kruger in neutral zone.
0:26 of 1st period - Jordan Caron is hit by Jesse Joensuu and loses puck.
0:35 of 1st period - Wrist shot by Cody Eakin.
0:35 of 1st period - Shot Blocked by Jared Spurgeon.
0:45 of 1st period - Snap shot by Ryan Vesce.
0:45 of 1st period - Shot Blocked by Mark Fraser.
0:47 of 1st period - Slapshot by Erik Haula.
0:47 of 1st period - Stopped by Allen York without a rebound.
0:48 of 1st period - Erik Haula wins face-off versus Corey Trivino in Staline zone.
0:53 of 1st period - Slapshot by Justin Faulk.
0:53 of 1st period - Shot Misses the Net.
0:55 of 1st period - Slapshot by Danny DeKeiser.
0:55 of 1st period - Deflect By Alexander Vasyunov.
0:55 of 1st period - Shot Blocked by Philip Larsen.
0:55 of 1st period - Puck is out of play.
0:56 of 1st period - Peter Holland wins face-off versus Dana Tyrell in Staline zone.
0:56 of 1st period - Peter Holland is hit by Sean Avery.
1:28 of 1st period - Snap shot by Jiri Tlusty.
1:28 of 1st period - Stopped by Peter Budaj with a rebound.
2:49 of 1st period - Snap shot by Jiri Tlusty.
2:49 of 1st period - Deflect By Nick Spaling.
2:49 of 1st period - Shot Blocked by Petter Granberg.
2:49 of 1st period - Puck is out of play.
2:50 of 1st period - Dennis Everberg wins face-off versus Cody Eakin in Little Stars zone.
4:11 of 1st period - Erik Haula is hit by Peter Holland and loses puck.
5:07 of 1st period - Greg Pateryn is hit by Sean Avery and loses puck.
6:30 of 1st period - Cody Bass is hit by James Sheppard and loses puck.
6:50 of 1st period - Danny Kristo is hit by Dennis Everberg and loses puck.
7:06 of 1st period - Mark Stone is hit by Hugh Jessiman and loses puck.
7:57 of 1st period - Jesse Joensuu is hit by David Desharnais and loses puck.
9:20 of 1st period - Erik Haula is hit by Jordan Caron and loses puck.
10:21 of 1st period - Cody Eakin is hit by Dana Tyrell and loses puck.
10:32 of 1st period - Erik Haula is hit by Brandon Prust and loses puck.
10:45 of 1st period - Philip Larsen is hit by Jamie McGinn.
11:42 of 1st period - Dennis Everberg is hit by Mark Fraser and loses puck.
11:53 of 1st period - Wrist shot by Bryan Bickell.
11:53 of 1st period - Goal by Bryan Bickell - Staline : 1 - Little Stars : 0.
11:54 of 1st period - Marcus Kruger wins face-off versus David Desharnais in neutral zone.
12:08 of 1st period - Snap shot by Jiri Tlusty.
12:08 of 1st period - Shot Blocked by Jared Spurgeon.
12:10 of 1st period - Slapshot by Mark Fraser.
12:10 of 1st period - Deflect By Jiri Tlusty.
12:10 of 1st period - Stopped by Peter Budaj without a rebound.
12:11 of 1st period - Cody Eakin wins face-off versus Cody Bass in Little Stars zone.
12:14 of 1st period - Slapshot by Tyler Cuma.
12:14 of 1st period - Deflect By Jesse Joensuu.
12:14 of 1st period - Stopped by Peter Budaj without a rebound.
12:15 of 1st period - Cody Bass wins face-off versus Cody Eakin in Little Stars zone.
12:15 of 1st period - Cody Bass is hit by Tyler Cuma.
12:26 of 1st period - Slapshot by Michael Del Zotto.
12:26 of 1st period - Deflect By James Sheppard.
12:26 of 1st period - Shot Blocked by Mathieu Roy.
12:26 of 1st period - Puck is out of play.
12:27 of 1st period - Marcus Kruger wins face-off versus David Desharnais in Little Stars zone.
12:50 of 1st period - Icing by Sean Avery.
12:51 of 1st period - Jordan Caron wins face-off versus Cody Bass in Little Stars zone.
12:52 of 1st period - Snap shot by Michael Del Zotto.
12:52 of 1st period - Stopped by Peter Budaj with a rebound.
12:54 of 1st period - Slapshot by Tyler Cuma.
12:54 of 1st period - Shot Misses the Net.
12:56 of 1st period - Snap shot by James Sheppard.
12:56 of 1st period - Stopped by Peter Budaj with a rebound.
12:58 of 1st period - Wrist shot by James Sheppard.
12:58 of 1st period - Shot Misses the Net.
13:00 of 1st period - Backhand shot by Cody Eakin.
13:00 of 1st period - Shot Misses the Net.
13:02 of 1st period - Slapshot by James Sheppard.
13:02 of 1st period - Stopped by Peter Budaj without a rebound.
13:03 of 1st period - Marcus Kruger wins face-off versus David Desharnais in Little Stars zone.
13:32 of 1st period - Snap shot by Jesse Joensuu.
13:32 of 1st period - Stopped by Allen York with a rebound.
13:37 of 1st period - Icing by Philip Larsen.
13:38 of 1st period - Cody Eakin wins face-off versus Marcus Kruger in Staline zone.
13:38 of 1st period - Cody Eakin is hit by Hugh Jessiman.
13:43 of 1st period - Minor Penalty to Danny DeKeiser for Roughing.
13:44 of 1st period - David Desharnais wins face-off versus Sean Avery in Little Stars zone.
13:54 of 1st period - Slapshot by Michael Del Zotto.
13:54 of 1st period - Deflect By Sean Avery.
13:54 of 1st period - Stopped by Peter Budaj with a rebound.
14:10 of 1st period - Mathieu Roy is hit by Cody Eakin and loses puck.
14:15 of 1st period - Slapshot by Jordan Caron.
14:15 of 1st period - Goal by Jordan Caron - Staline : 2 - Little Stars : 0.
14:16 of 1st period - David Desharnais wins face-off versus Marcus Kruger in neutral zone.
14:31 of 1st period - Wrist shot by David Desharnais.
14:31 of 1st period - Stopped by Peter Budaj without a rebound.
14:32 of 1st period - Cody Bass wins face-off versus Cody Eakin in Little Stars zone.
14:32 of 1st period - Cody Bass is hit by Cody Eakin.
14:48 of 1st period - Snap shot by Ryan Vesce.
14:48 of 1st period - Deflect By Cody Bass.
14:48 of 1st period - Shot Misses the Net.
14:48 of 1st period - Puck is out of play.
14:49 of 1st period - Marcus Kruger wins face-off versus David Desharnais in Staline zone.
14:52 of 1st period - Wrist shot by Marcus Kruger.
14:52 of 1st period - Shot Blocked by Jiri Tlusty.
14:54 of 1st period - Wrist shot by Marcus Kruger.
14:54 of 1st period - Stopped by Allen York without a rebound.
14:55 of 1st period - David Desharnais wins face-off versus Marcus Kruger in Staline zone.
15:04 of 1st period - Marcus Kruger is hit by David Desharnais and loses puck.
15:33 of 1st period - Wrist shot by Cody Eakin.
15:33 of 1st period - Shot Misses the Net.
15:43 of 1st period - Snap shot by Danny Kristo.
15:43 of 1st period - Stopped by Peter Budaj with a rebound.
15:45 of 1st period - Slapshot by Tyler Cuma.
15:45 of 1st period - Deflect By Bryan Bickell.
15:45 of 1st period - Stopped by Peter Budaj with a rebound.
15:47 of 1st period - Wrist shot by Bryan Bickell.
15:47 of 1st period - Shot Misses the Net.
15:49 of 1st period - Slapshot by Michael Del Zotto.
15:49 of 1st period - Shot Blocked by Mathieu Roy.
16:01 of 1st period - Snap shot by Jesse Joensuu.
16:01 of 1st period - Goal by Jesse Joensuu - Staline : 2 - Little Stars : 1.
16:02 of 1st period - David Desharnais wins face-off versus Hugh Jessiman in neutral zone.
16:14 of 1st period - Off-side.
16:15 of 1st period - Jiri Tlusty wins face-off versus Hugh Jessiman in neutral zone.
16:20 of 1st period - Backhand shot by David Desharnais.
16:20 of 1st period - Stopped by Peter Budaj with a rebound.
16:22 of 1st period - Snap shot by Nick Spaling.
16:22 of 1st period - Shot Misses the Net.
16:26 of 1st period - Snap shot by Jiri Tlusty.
16:26 of 1st period - Stopped by Peter Budaj with a rebound.
16:28 of 1st period - Wrist shot by Tyler Cuma.
16:28 of 1st period - Shot Blocked by Danny DeKeiser.
16:30 of 1st period - Wrist shot by Michael Del Zotto.
16:30 of 1st period - Shot Misses the Net.
16:42 of 1st period - Tyler Cuma is hit by Dennis Everberg and loses puck.
16:58 of 1st period - Minor Penalty to Justin Faulk for Delaying the game.
16:59 of 1st period - David Desharnais wins face-off versus Sean Avery in Little Stars zone.
17:30 of 1st period - Michael Del Zotto is hit by Marcus Kruger and loses puck.
17:39 of 1st period - Snap shot by Marcus Kruger.
17:39 of 1st period - Shot Blocked by Michael Del Zotto.
17:41 of 1st period - Wrist shot by Marcus Kruger.
17:41 of 1st period - Stopped by Allen York without a rebound.
17:42 of 1st period - Sean Avery wins face-off versus David Desharnais in Staline zone.
18:07 of 1st period - Marcus Kruger is hit by Nick Spaling.
18:58 of 1st period - Penalty to Justin Faulk is over, Justin Faulk is back on ice.
19:16 of 1st period - Erik Haula is hit by Peter Holland and loses puck.
19:26 of 1st period - Icing by Alexander Vasyunov.
19:27 of 1st period - Cody Bass wins face-off versus Corey Trivino in Little Stars zone.
19:27 of 1st period - Cody Bass is hit by Mark Stone.
19:40 of 1st period - Jared Spurgeon is hit by Brandon Prust and loses puck.
19:55 of 1st period - Snap shot by Jiri Tlusty.
19:55 of 1st period - Stopped by Peter Budaj without a rebound.
19:56 of 1st period - David Desharnais wins face-off versus Marcus Kruger in Little Stars zone.
Goals for this period are 2 for Staline vs 1 for Little Stars.
Shots for this period are 15 for Staline vs 5 for Little Stars.
2nd period
0:01 of 2nd period - David Desharnais wins face-off versus Marcus Kruger in neutral zone.
0:12 of 2nd period - Snap shot by David Desharnais.
0:12 of 2nd period - Deflect By Jiri Tlusty.
0:12 of 2nd period - Shot Misses the Net.
0:12 of 2nd period - Puck is out of play.
0:13 of 2nd period - David Desharnais wins face-off versus Marcus Kruger in Little Stars zone.
0:20 of 2nd period - Slapshot by Marcus Kruger.
0:20 of 2nd period - Shot Blocked by Michael Del Zotto.
0:22 of 2nd period - Snap shot by Marcus Kruger.
0:22 of 2nd period - Stopped by Allen York with a rebound.
0:38 of 2nd period - Jesse Joensuu is hit by James Sheppard and loses puck.
0:49 of 2nd period - Backhand shot by Cody Eakin.
0:49 of 2nd period - Stopped by Peter Budaj without a rebound.
0:50 of 2nd period - Corey Trivino wins face-off versus Marcus Kruger in Little Stars zone.
0:51 of 2nd period - Snap shot by Brandon Prust.
0:51 of 2nd period - Stopped by Peter Budaj without a rebound.
0:52 of 2nd period - Corey Trivino wins face-off versus Marcus Kruger in Little Stars zone.
0:55 of 2nd period - Wrist shot by Brandon Prust.
0:55 of 2nd period - Shot Misses the Net.
1:13 of 2nd period - Minor Penalty to Corey Trivino for Hooking.
1:14 of 2nd period - Marcus Kruger wins face-off versus David Desharnais in Staline zone.
1:21 of 2nd period - Wrist shot by Hugh Jessiman.
1:21 of 2nd period - Stopped by Allen York with a rebound.
1:23 of 2nd period - Slapshot by Mathieu Roy.
1:23 of 2nd period - Deflect By Hugh Jessiman.
1:23 of 2nd period - Stopped by Allen York with a rebound.
1:25 of 2nd period - Slapshot by Hugh Jessiman.
1:25 of 2nd period - Shot Misses the Net.
1:27 of 2nd period - Snap shot by Marcus Kruger.
1:27 of 2nd period - Shot Misses the Net.
1:29 of 2nd period - Backhand shot by Marcus Kruger.
1:29 of 2nd period - Stopped by Allen York without a rebound.
1:30 of 2nd period - Marcus Kruger wins face-off versus David Desharnais in Staline zone.
1:31 of 2nd period - Wrist shot by Sean Avery.
1:31 of 2nd period - Shot Blocked by Tyler Cuma.
1:33 of 2nd period - Snap shot by Jared Spurgeon.
1:33 of 2nd period - Stopped by Allen York with a rebound.
1:35 of 2nd period - Wrist shot by Jared Spurgeon.
1:35 of 2nd period - Stopped by Allen York without a rebound.
1:36 of 2nd period - David Desharnais wins face-off versus Marcus Kruger in Staline zone.
1:42 of 2nd period - Icing by Marcus Kruger.
1:43 of 2nd period - David Desharnais wins face-off versus Sean Avery in Little Stars zone.
1:44 of 2nd period - Snap shot by Jiri Tlusty.
1:44 of 2nd period - Goal by Jiri Tlusty - Staline : 3 - Little Stars : 1.
1:45 of 2nd period - David Desharnais wins face-off versus Marcus Kruger in neutral zone.
2:33 of 2nd period - Wrist shot by Nick Spaling.
2:33 of 2nd period - Stopped by Peter Budaj with a rebound.
2:35 of 2nd period - Snap shot by Torey Krug.
2:35 of 2nd period - Shot Misses the Net.
3:13 of 2nd period - Penalty to Corey Trivino is over, Corey Trivino is back on ice.
4:31 of 2nd period - Icing by Jordan Caron.
4:32 of 2nd period - Dana Tyrell wins face-off versus Corey Trivino in Staline zone.
4:57 of 2nd period - Philip Larsen is hit by Erik Haula and loses puck.
6:26 of 2nd period - Torey Krug is hit by Dennis Everberg.
6:42 of 2nd period - Slapshot by Mathieu Roy.
6:42 of 2nd period - Shot Blocked by Torey Krug.
6:44 of 2nd period - Snap shot by Erik Haula.
6:44 of 2nd period - Stopped by Allen York with a rebound.
6:50 of 2nd period - Slapshot by Erik Haula.
6:50 of 2nd period - Shot Misses the Net.
6:52 of 2nd period - Wrist shot by Dennis Everberg.
6:52 of 2nd period - Shot Misses the Net.
7:08 of 2nd period - Tyler Cuma is hit by Sean Avery and loses puck.
7:17 of 2nd period - Slapshot by Sean Avery.
7:17 of 2nd period - Shot Misses the Net.
7:19 of 2nd period - Snap shot by Marcus Kruger.
7:19 of 2nd period - Shot Blocked by Bryan Bickell.
7:21 of 2nd period - Snap shot by Hugh Jessiman.
7:21 of 2nd period - Shot Misses the Net.
7:31 of 2nd period - Ryan Vesce is hit by Jiri Tlusty and loses puck.
7:38 of 2nd period - Wrist shot by David Desharnais.
7:38 of 2nd period - Deflect By Nick Spaling.
7:38 of 2nd period - Stopped by Peter Budaj with a rebound.
8:00 of 2nd period - Sean Avery is hit by Brandon Prust.
8:18 of 2nd period - Snap shot by James Sheppard.
8:18 of 2nd period - Shot Misses the Net.
8:20 of 2nd period - Slapshot by Torey Krug.
8:20 of 2nd period - Stopped by Peter Budaj with a rebound.
8:47 of 2nd period - Jared Spurgeon is hit by Nick Spaling and loses puck.
9:42 of 2nd period - Wrist shot by David Desharnais.
9:42 of 2nd period - Deflect By Jiri Tlusty.
9:42 of 2nd period - Stopped by Peter Budaj with a rebound.
9:44 of 2nd period - Snap shot by Torey Krug.
9:44 of 2nd period - Deflect By Nick Spaling.
9:44 of 2nd period - Stopped by Peter Budaj without a rebound.
9:45 of 2nd period - Cody Eakin wins face-off versus Cody Bass in Little Stars zone.
9:55 of 2nd period - Slapshot by Michael Del Zotto.
9:55 of 2nd period - Shot Blocked by Danny DeKeiser.
9:57 of 2nd period - Snap shot by James Sheppard.
9:57 of 2nd period - Deflect By Alexander Vasyunov.
9:57 of 2nd period - Staline goal is going for a video replay.
9:57 of 2nd period - The goal is refused. The net was displaced accidentally..
9:58 of 2nd period - Alexander Vasyunov wins face-off versus David Desharnais in Little Stars zone.
10:02 of 2nd period - Off-side.
10:03 of 2nd period - David Desharnais wins face-off versus Marcus Kruger in neutral zone.
10:16 of 2nd period - Wrist shot by David Desharnais.
10:16 of 2nd period - Deflect By Jiri Tlusty.
10:16 of 2nd period - Stopped by Peter Budaj with a rebound.
10:49 of 2nd period - Off-side.
10:50 of 2nd period - Erik Haula wins face-off versus James Sheppard in neutral zone.
11:05 of 2nd period - Snap shot by Erik Haula.
11:05 of 2nd period - Stopped by Allen York with a rebound.
11:25 of 2nd period - Hugh Jessiman is hit by Torey Krug and loses puck.
12:26 of 2nd period - Slapshot by Mark Fraser.
12:26 of 2nd period - Shot Blocked by Sean Avery.
12:28 of 2nd period - Wrist shot by Danny Kristo.
12:28 of 2nd period - Stopped by Peter Budaj with a rebound.
12:30 of 2nd period - Slapshot by Torey Krug.
12:30 of 2nd period - Stopped by Peter Budaj with a rebound.
12:32 of 2nd period - Slapshot by Torey Krug.
12:32 of 2nd period - Deflect By Danny Kristo.
12:32 of 2nd period - Stopped by Peter Budaj with a rebound.
12:34 of 2nd period - Snap shot by Mark Fraser.
12:34 of 2nd period - Stopped by Peter Budaj with a rebound.
12:36 of 2nd period - Slapshot by Torey Krug.
12:36 of 2nd period - Stopped by Peter Budaj with a rebound.
12:59 of 2nd period - Slapshot by Michael Del Zotto.
12:59 of 2nd period - Shot Misses the Net.
14:18 of 2nd period - Minor Penalty to Dennis Everberg for Tripping.
14:19 of 2nd period - David Desharnais wins face-off versus Sean Avery in Little Stars zone.
14:36 of 2nd period - Hugh Jessiman is hit by David Desharnais and loses puck.
16:18 of 2nd period - Penalty to Dennis Everberg is over, Dennis Everberg is back on ice.
17:11 of 2nd period - Nick Spaling is hit by Petter Granberg and loses puck.
17:26 of 2nd period - Danny Kristo is hit by Jamie McGinn and loses puck.
17:54 of 2nd period - Mark Stone is hit by Jesse Joensuu and loses puck.
18:18 of 2nd period - Mark Fraser is hit by Jamie McGinn and loses puck.
19:07 of 2nd period - Alexander Vasyunov is hit by Torey Krug and loses puck.
19:22 of 2nd period - Nick Spaling is hit by Cody Bass and loses puck.
19:29 of 2nd period - Jiri Tlusty is hit by Cody Bass.
19:36 of 2nd period - Icing by Cody Bass.
19:37 of 2nd period - Corey Trivino wins face-off versus Cody Bass in Little Stars zone.
19:40 of 2nd period - Wrist shot by Cody Eakin.
19:40 of 2nd period - Stopped by Peter Budaj without a rebound.
19:41 of 2nd period - James Sheppard wins face-off versus Erik Haula in Little Stars zone.
Goals for this period are 1 for Staline vs 0 for Little Stars.
Shots for this period are 16 for Staline vs 8 for Little Stars.
3rd period
0:01 of 3rd period - Nick Spaling wins face-off versus Marcus Kruger in neutral zone.
0:12 of 3rd period - Slapshot by Sean Avery.
0:12 of 3rd period - Stopped by Allen York with a rebound.
0:14 of 3rd period - Snap shot by Marcus Kruger.
0:14 of 3rd period - Shot Misses the Net.
0:16 of 3rd period - Wrist shot by Sean Avery.
0:16 of 3rd period - Stopped by Allen York with a rebound.
0:26 of 3rd period - David Desharnais is hit by Erik Haula and loses puck.
0:39 of 3rd period - Slapshot by Justin Faulk.
0:39 of 3rd period - Stopped by Allen York without a rebound.
0:40 of 3rd period - Marcus Kruger wins face-off versus Cody Eakin in Staline zone.
1:05 of 3rd period - Torey Krug is hit by Ryan Vesce and loses puck.
1:15 of 3rd period - Minor Penalty to Mark Stone for Holding.
1:16 of 3rd period - David Desharnais wins face-off versus Marcus Kruger in Staline zone.
2:15 of 3rd period - Icing by Justin Faulk.
2:16 of 3rd period - David Desharnais wins face-off versus Marcus Kruger in Little Stars zone.
2:31 of 3rd period - Backhand shot by Ryan Vesce.
2:31 of 3rd period - Shot Misses the Net.
2:33 of 3rd period - Snap shot by Cody Bass.
2:33 of 3rd period - Stopped by Allen York without a rebound.
2:34 of 3rd period - Jesse Joensuu wins face-off versus David Desharnais in Staline zone.
2:37 of 3rd period - Snap shot by Ryan Vesce.
2:37 of 3rd period - Shot Misses the Net.
3:03 of 3rd period - Icing by Cody Bass.
3:04 of 3rd period - David Desharnais wins face-off versus Cody Bass in Little Stars zone.
3:15 of 3rd period - Penalty to Mark Stone is over, Mark Stone is back on ice.
3:35 of 3rd period - James Sheppard is hit by Ryan Vesce and loses puck.
3:40 of 3rd period - Wrist shot by Ryan Vesce.
3:40 of 3rd period - Shot Misses the Net.
3:42 of 3rd period - Backhand shot by Cody Bass.
3:42 of 3rd period - Stopped by Allen York without a rebound.
3:43 of 3rd period - David Desharnais wins face-off versus Marcus Kruger in Staline zone.
3:56 of 3rd period - Wrist shot by Jiri Tlusty.
3:56 of 3rd period - Stopped by Peter Budaj with a rebound.
4:20 of 3rd period - Minor Penalty to Alexander Vasyunov for Roughing.
4:21 of 3rd period - Sean Avery wins face-off versus David Desharnais in Little Stars zone.
4:29 of 3rd period - Slapshot by Michael Del Zotto.
4:29 of 3rd period - Shot Misses the Net.
6:20 of 3rd period - Penalty to Alexander Vasyunov is over, Alexander Vasyunov is back on ice.
6:34 of 3rd period - Snap shot by Danny Kristo.
6:34 of 3rd period - Shot Misses the Net.
6:36 of 3rd period - Snap shot by Michael Del Zotto.
6:36 of 3rd period - Shot Misses the Net.
6:38 of 3rd period - Snap shot by Michael Del Zotto.
6:38 of 3rd period - Stopped by Peter Budaj with a rebound.
6:52 of 3rd period - Snap shot by Mark Stone.
6:52 of 3rd period - Stopped by Peter Budaj with a rebound.
7:25 of 3rd period - Icing by Jared Spurgeon.
7:26 of 3rd period - Cody Bass wins face-off versus Corey Trivino in Little Stars zone.
7:49 of 3rd period - Dennis Everberg is hit by Mark Fraser and loses puck.
8:01 of 3rd period - Icing by Justin Faulk.
8:02 of 3rd period - Cody Eakin wins face-off versus Dennis Everberg in Little Stars zone.
8:09 of 3rd period - Slapshot by David Desharnais.
8:09 of 3rd period - Stopped by Peter Budaj with a rebound.
8:35 of 3rd period - Wrist shot by Erik Haula.
8:35 of 3rd period - Shot Misses the Net.
8:53 of 3rd period - Snap shot by Ryan Vesce.
8:53 of 3rd period - Stopped by Allen York without a rebound.
8:54 of 3rd period - Cody Bass wins face-off versus David Desharnais in Staline zone.
8:55 of 3rd period - Slapshot by Ryan Vesce.
8:55 of 3rd period - Stopped by Allen York without a rebound.
8:56 of 3rd period - David Desharnais wins face-off versus Ryan Vesce in Staline zone.
8:56 of 3rd period - David Desharnais is hit by Jesse Joensuu.
9:05 of 3rd period - Minor Penalty to Ryan Vesce for High sticking.
9:06 of 3rd period - David Desharnais wins face-off versus Hugh Jessiman in Little Stars zone.
9:20 of 3rd period - Wrist shot by Sean Avery.
9:20 of 3rd period - Stopped by Allen York with a rebound.
9:22 of 3rd period - Slapshot by Sean Avery.
9:22 of 3rd period - Stopped by Allen York with a rebound.
10:58 of 3rd period - Justin Faulk is hit by Philip Larsen and loses puck.
11:05 of 3rd period - Penalty to Ryan Vesce is over, Ryan Vesce is back on ice.
11:18 of 3rd period - Icing by Danny DeKeiser.
11:19 of 3rd period - Cody Bass wins face-off versus Bryan Bickell in Little Stars zone.
11:46 of 3rd period - Wrist shot by Brandon Prust.
11:46 of 3rd period - Stopped by Peter Budaj with a rebound.
12:27 of 3rd period - Major / Game Misconduct Penalty to Dana Tyrell for Unsportsmanlike conduct.
12:27 of 3rd period - Dana Tyrell is ejected from game.
12:28 of 3rd period - David Desharnais wins face-off versus Sean Avery in Little Stars zone.
12:44 of 3rd period - Wrist shot by Brandon Prust.
12:44 of 3rd period - Stopped by Peter Budaj with a rebound.
12:54 of 3rd period - Cody Eakin is hit by Ryan Vesce.
13:12 of 3rd period - Justin Faulk is hit by David Desharnais and loses puck.
13:55 of 3rd period - Michael Del Zotto is hit by Ryan Vesce and loses puck.
16:38 of 3rd period - Icing by Tyler Cuma.
16:39 of 3rd period - Cody Eakin wins face-off versus Hugh Jessiman in Staline zone.
17:27 of 3rd period - Penalty to Dana Tyrell is over, Alexander Vasyunov is send on ice.
17:33 of 3rd period - Snap shot by Erik Haula.
17:33 of 3rd period - Goal by Erik Haula - Staline : 3 - Little Stars : 2.
17:34 of 3rd period - Erik Haula wins face-off versus Cody Eakin in neutral zone.
17:37 of 3rd period - James Sheppard is hit by Alexander Vasyunov and loses puck.
17:48 of 3rd period - Snap shot by Cody Eakin.
17:48 of 3rd period - Shot Misses the Net.
18:20 of 3rd period - Slapshot by Sean Avery.
18:20 of 3rd period - Stopped by Allen York with a rebound.
18:22 of 3rd period - Slapshot by Conor Allen.
18:22 of 3rd period - Stopped by Allen York with a rebound.
18:24 of 3rd period - Backhand shot by Sean Avery.
18:24 of 3rd period - Shot Misses the Net.
18:26 of 3rd period - Slapshot by Petter Granberg.
18:26 of 3rd period - Deflect By Michael Del Zotto.
18:26 of 3rd period - Stopped by Allen York with a rebound.
18:28 of 3rd period - Slapshot by Petter Granberg.
18:28 of 3rd period - Shot Blocked by Tyler Cuma.
18:34 of 3rd period - Minor Penalty to Tyler Cuma for Holding.
18:35 of 3rd period - Marcus Kruger wins face-off versus David Desharnais in Staline zone.
18:48 of 3rd period - Little Stars, Peter Budaj is pulled from the net.
19:00 of 3rd period - Michael Del Zotto is hit by Cody Bass and loses puck.
19:44 of 3rd period - Marcus Kruger is hit by Philip Larsen and loses puck.
19:55 of 3rd period - Snap shot by Brandon Prust.
19:55 of 3rd period - Goal by Brandon Prust - Staline : 4 - Little Stars : 2.
19:55 of 3rd period - Peter Budaj from Little Stars was sent back in the game.
19:56 of 3rd period - David Desharnais wins face-off versus Cody Bass in neutral zone.
Goals for this period are 1 for Staline vs 1 for Little Stars.
Shots for this period are 7 for Staline vs 13 for Little Stars.
Output by the SimonT Hockey Simulator (STHS) for François Prévost -- Original Page W3C XHTML 1.0 Valid